 Dungeon Crawl Stone Soup version 0.30.1-3-gfc49f6343a (webtiles) character file.

Game seed: 6402531258540313367

20 javelincjr the Poker (level 2, 0/23 HPs)
             Began as a Demonspawn Gladiator on Aug 1, 2023.
             Succumbed to Sigmund's poison
             ... on level 2 of the Dungeon.
             The game lasted 00:02:10 (890 turns).

javelincjr the Poker (Demonspawn Gladiator)          Turns: 890, Time: 00:02:10

Health: 0/23       AC: 11    Str: 14    XL:     2   Next: 58%
Magic:  2/2        EV: 12    Int:  9    God:
Gold:   101        SH:  7    Dex: 14    Spells: 1/1 levels left

rFire   . . .        l - +0 dagger (protect)
rCold   . . .        f - +0 kite shield
rNeg    . . .        b - +0 leather armour
rPois   .            c - +0 helmet
rElec   .            (no cloak)
rCorr   .            (no gloves)
SInv    .            (no boots)
Will    .....        (no amulet)
Stlth   +            (no ring)
HPRegen 0.23/turn    (no ring)
MPRegen 0.08/turn

%: no passive effects
@: lethally poisoned (0 -> -5), under a protective aura
A: repulsion field 1
a: no special abilities


You were on level 2 of the Dungeon.
You visited 1 branch of the dungeon, and saw 2 of its levels.

You collected 101 gold pieces.

Inventory:

Hand Weapons
 a - a +0 trident
 l - a +0 dagger of protection (weapon)
Missiles
 d - 3 throwing nets
 e - a javelin
 k - 3 curare-tipped darts (quivered)
Armour
 b - a +0 leather armour (worn)
 c - a +0 helmet (worn)
 f - a +0 kite shield (worn)
Scrolls
 i - a scroll of magic mapping {unknown}
 j - 5 scrolls of identify {unknown}
 m - a scroll of blinking {unknown}
 n - a scroll of fear {unknown}
Potions
 g - a potion of lignification {unknown}
 h - a potion of flight {unknown}


   Skills:
 * Level 2.4 Fighting
 + Level 0.1 Short Blades
 - Level 2.8 Polearms
 - Level 1.7 Throwing
 + Level 0.5 Armour
 + Level 2.8 Dodging
 + Level 0.5 Shields


You had one spell level left.
You didn't know any spells.
Your spell library contained the following spells:

 Spells                   Type           Power      Damage    Failure   Level
 Portal Projectile        Hex/Tloc       0%         N/A       99%         3
 Tukima's Dance           Hex            0%         N/A       99%         3
 Vhi's Electric Charge    Tloc/Air       0%         N/A       99%         3
 Arcjolt                  Conj/Air       0%         1d10      100%        5
 Blade Hands              Tmut           0%         N/A       100%        5
 Maxwell's Capacitive Co  Air            0%         ∞         100%        8


Dungeon Overview and Level Annotations

Branches:
Dungeon (2/15)

Altars:

Annotations:
D:2 Sigmund


Innate Abilities, Weirdness & Mutations

You are surrounded by a mild repulsion field. (EV +2)


Message History

You feel sick.
You hit Sigmund but do no damage.
Sigmund is severely wounded.
You feel sick.
You closely miss Sigmund.
Sigmund is almost dead.
You feel sick. Sigmund closely misses you.
You completely miss Sigmund.
Sigmund is almost dead.
You feel sick.
Sigmund looks more healthy.
You closely miss Sigmund.
Sigmund is almost dead.
You feel sick.
You are no longer poisoned.
Sigmund completely misses you.
You hit Sigmund.
Your weapon exudes an aura of protection.
Sigmund is almost dead.
You barely miss Sigmund.
Sigmund is almost dead.
Sigmund looks at you with fury.
Sigmund hits you with a +0 scythe of venom!
You are lethally poisoned!
You are too injured to fight recklessly!
You hit Sigmund but do no damage.
Sigmund is almost dead.
* * * LOW HITPOINT WARNING * * *
You feel very sick.
You hit Sigmund but do no damage.
Sigmund is almost dead.
* * * LOW HITPOINT WARNING * * *
You feel very sick. Sigmund barely misses you.
You completely miss Sigmund.
Sigmund is almost dead.
* * * LOW HITPOINT WARNING * * *
You feel sick.
Sigmund is no longer moving slowly.
You closely miss Sigmund.
Sigmund is almost dead.
You die...

#.# #.# #.. #.#
#.# #.#
#.#####.# #.#
#........ #!#
#######.. ##.##
#.. ... #.. #@#
#.. #@# #.. #.#
##. #.# #.
#####.# #.
#.....# #.
#.##### #. #.#
########### ##.
#.# #.........#
#.. #.#
#.#######.####.#


You could see Sigmund.

Vanquished Creatures
  2 ball pythons
  A bat (D:1)
  An endoplasm (D:2)
  A giant cockroach (D:1)
  4 goblins
  2 hobgoblins (D:1)
  3 kobolds
  A frilled lizard (D:2)
  A rat (D:2)
16 creatures vanquished.

Notes
Turn   | Place    | Note
-------+----------+-------------------------------------------
     0 | D:1      | javelincjr the Demonspawn Gladiator began the quest for the
                  | Orb.
     0 | D:1      | Reached XP level 1. HP: 16/16 MP: 1/1
   320 | D:1      | Gained mutation: You are surrounded by a mild repulsion
                  | field. (EV +2) [demonic ancestry]
   320 | D:1      | Reached XP level 2. HP: 22/22 MP: 2/2
   873 | D:2      | Noticed Sigmund
   889 | D:2      | HP: 1/23 [poisoned by Sigmund]
   890 | D:2      | Succumbed to Sigmund's poison

Illustrated notes

Levels and vault maps discovered:
D:1:      shiori_arrival_elements, layout_basic
D:2:      layout_loops_ring, uniq_sigmund

Action                     || total
---------------------------++-------
  Melee: Trident           ||    39
         Dagger            ||    44
  Throw: Dart              ||     1
   Stab: Sleeping          ||     1
 Armour: Leather armour    ||    20
  Dodge: Dodged            ||    26
  Block: Kite shield       ||    30
